 Dungeon Crawl Stone Soup version 0.32-a0-712-g515539a (webtiles) character file.

Game seed: 9132647542187450060

15847 PidgeyThePirate the Skirmisher (level 12, -2/99 HPs)
             Began as a Coglin Hunter on Mar 15, 2024.
             Was an Elder of Okawaru.
             Slain by a reaper
             ... wielding a -4 scythe of freezing
              (4 damage)
             ... in an ice cave.
             The game lasted 00:28:34 (12003 turns).

PidgeyThePirate the Skirmisher (Coglin Hunter)     Turns: 12003, Time: 00:28:34

Health: -2/99      AC:  9    Str: 14    XL:     12   Next: 31%
Magic:  6/12       EV: 16    Int: 13    God:    Okawaru [****..]
Gold:   1711       SH:  4    Dex: 17    Spells: 11/11 levels left

rFire   . . .        a - +2 sling (flame) {Dietrich}
rCold   + . .        g - +0 sling "Dragonbane" {elec, *Corrode Will+ Int+3}
rNeg    . . .        H - +0 steam dragon scales
rPois   .            (no helmet)
rElec   .            h - +2 cloak {rC+}
rCorr   .            (no gloves)
SInv    .            A - +2 pair of boots
Will    +....        (amulet unavailable)
Stlth   ++++         (ring unavailable)
HPRegen 0.36/turn    (ring unavailable)
MPRegen 0.13/turn    (no gizmo)

%: corrode self (3%)
@: heroic, finesse-ful, corroded, hasted, revved, very quick
A: off-hand wielding, slow wielding, warmup strikes, no jewellery, large bone
plates 1, passive freeze, weak 1
a: Invent Gizmo, Renounce Religion, Heroism, Finesse


You were in an ice cave.
You worshipped Okawaru.
Okawaru was greatly pleased with you.
You visited 3 branches of the dungeon, and saw 13 of its levels.
You also visited: Ossuary, Bailey and Ice Cave.

You collected 1711 gold pieces.

Inventory:

Hand Weapons
 a - a +2 sling of flaming (weapon) {Dietrich}
 g - the +0 sling "Dragonbane" (offhand) {elec, *Corrode Will+ Int+3}
   (You found it on level 6 of the Dungeon)

   Int+3:     It affects your intelligence (+3).
   Will+:     It increases your willpower.
   *Corrode:  It may corrode you when you take damage.
Missiles
 k - 3 throwing nets
Armour
 c - a +0 leather armour
 h - a +2 cloak of cold resistance (worn)
 l - a +2 cloak
 A - a +2 pair of boots (worn)
 H - +0 steam dragon scales (worn)
Wands
 d - a wand of iceblast (17)
 q - a wand of paralysis (26)
 I - a wand of digging (6)
Scrolls
 f - 2 scrolls of silence
 n - 2 scrolls of revelation
 o - 2 scrolls of noise
 p - a scroll of fog
 r - 3 scrolls of blinking
 u - a scroll of brand weapon
 v - 3 scrolls of amnesia
 x - a scroll of immolation
 y - a scroll of teleportation
 B - a scroll of enchant armour
 D - a scroll of enchant weapon
 F - 2 scrolls of poison
 G - 3 scrolls of fear {unknown}
Potions
 b - 4 potions of brilliance
 e - 3 potions of heal wounds
 j - 2 potions of might
 m - a potion of haste
 t - a potion of invisibility
 w - 2 potions of lignification
 z - a potion of curing
 E - a potion of cancellation
Miscellaneous
 K - a condenser vane


   Skills:
 + Level 10.8(15.8) Fighting
 + Level 14.6(19.6) Ranged Weapons
 + Level 2.8(7.8) Armour
 + Level 4.0(9.0) Dodging
 + Level 2.0(7.0) Stealth
 + Level 1.1 Invocations


You had 11 spell levels left.
You didn't know any spells.
Your spell library contained the following spells:

 Spells                   Type           Power      Damage    Failure   Level
 Magic Dart               Conj           0%         1d3       30%         1
 Cigotuvi's Dreadful Rot  Necr/Alch/Air  0%         N/A       43%         2
 Scorch                   Fire           0%         2d5       43%         2
 Searing Ray              Conj           0%         2d4       43%         2
 Sublimation of Blood     Necr           0%         N/A       43%         2
 Dispel Undead            Necr           0%         3d6       97%         4
 Flame Wave               Conj/Fire      0%         2d4       97%         4
 Fulminant Prism          Conj/Alch      0%         3d5       97%         4
 Petrify                  Alch/Erth      0%         N/A       97%         4
 Irradiate                Conj/Alch      0%         3d11      100%        5
 Martyr's Knell           Necr/Summ      Unusable   N/A       N/A         4
 Summon Cactus Giant      Summ           Unusable   N/A       N/A         6

Dungeon Overview and Level Annotations

Branches:
Dungeon (11/15)            Temple (1/1) D:7            Lair (1/5) D:10
    Orc (0/2) D:9         Ossuary (visited)          Bailey (visited)
  IceCv (1/1)

Altars:
Ashenzari
Cheibriados
Dithmenos
Elyvilon
Fedhas
Gozag
Hepliaklqana
Kikubaaqudgha
Makhleb
Nemelex Xobeh
Okawaru
Qazlal
Ru
Sif Muna
Trog
Uskayaw
Vehumet
Wu Jian
Xom
Yredelemnul
Zin
The Shining One
Beogh

Shops:
D:5 =!   D:7 =   D:8 (

Annotations:
D:10 2 transporters, lykaon's ghost, novice DgIE
D:11 Harold


Innate Abilities, Weirdness & Mutations

You can wield a second weapon in your off-hand.
It takes a long time for you to wield or remove held weapons.
Your first few attacks do less damage.
You cannot equip rings or amulets.
You are partially covered in large bone plates. (SH +4)
A frigid envelope surrounds you and freezes all who hurt you.
You are weak. (Str -2)


Message History

The sling bullet closely misses the reaper.
You shoot a sling bullet.
The sling bullet hits the reaper but does no damage.
The reaper is heavily wounded.
The reaper hits you with a -4 scythe of freezing!!
The reaper drags you backwards! The reaper freezes you.
You are too injured to fight recklessly!
Unknown command.
You are too injured to fight recklessly!
You are too injured to fight recklessly!
Unknown command.
You are too injured to fight recklessly!
Unknown command.
You are too injured to fight recklessly!
Unknown command.
You feel much better. The reaper closely misses you.
You feel yourself speed up.
The reaper hits you with a -4 scythe of freezing!!
The reaper drags you backwards! The reaper freezes you.
Your corrosive artefact corrodes you!
The reaper completely resists.
You shoot a sling bullet. The sling bullet hits the reaper.
Lightning courses through the reaper!
The reaper is severely wounded.
You shoot a sling bullet.
The sling bullet hits the reaper but does no damage.
The reaper is severely wounded.
You shoot a sling bullet.
The sling bullet barely misses the reaper.
You shoot a sling bullet.
The sling bullet barely misses the reaper.
You shoot a sling bullet.
The sling bullet hits the reaper but does no damage.
The reaper is severely wounded.
You shoot a sling bullet.
The sling bullet hits the reaper but does no damage.
The reaper is severely wounded.
The reaper hits you with a -4 scythe of freezing!!
* * * LOW HITPOINT WARNING * * *
The reaper drags you backwards! The reaper freezes you.
You die...

###...######☼..####.........
##.........### ###.#....#
###...........### #####..##
###.........##....####≈##...##
##.○○#..####..##.....#.≈≈≈.#..#
##...°.§.#........#.....#≈≈≈##..
##...○#§§##......###....######...
#...☼.°§##......##......# ##...#
##........☼☼.#.2@......## #...##
##.....###.○#..###...## #...##
###..#.§☼§§#... ##### ##...#
####☼☼§§.#..# ##...# ###§ ...#
##..... ..4. #...∩.. ###.#
#...... .. ##..∩.. ##...#


You could see a reaper and an ice devil (wandering).

Vanquished Creatures
  Erolcha (D:10)
  Urug (Lair:1)
  2 ice statues (IceCv)
  A cane toad (Lair:1)
  Jeremiah (D:9)
  7 ice devils (IceCv)
  2 anaconda simulacra (IceCv)
  3 komodo dragons (Lair:1)
  A troll (D:10)
  A hornet (Lair:1)
  5 blink frogs (Lair:1)
  Prince Ribbit (D:7)
  Sigmund (D:2)
  2 shadows
  12 yaks
  2 wyverns
  2 steam dragons (D:8)
  Grum (Bailey)
  4 water moccasins
  An ice beast (D:8)
  An orc warrior (D:10)
  3 black bears
  An ogre (D:6)
  7 centaurs
  6 wolves (Bailey)
  2 phantoms
  4 bullfrogs
  2 cane toad simulacra (IceCv)
  9 gnoll sergeants
  A scorpion (D:6)
  3 two-headed ogre simulacra (IceCv)
  4 wights (D:9)
  6 water moccasin zombies (Ossuary)
  A burial acolyte (Ossuary)
  2 elephant simulacra (IceCv)
  12 killer bees
  3 howler monkeys (D:9)
  5 hounds
  2 bombardier beetles
  3 orc priests
  2 spectral scorpions (Ossuary)
  5 gnoll boudas (Bailey)
  2 jellies
  Jessica (D:3)
  3 iguanas
  10 orc wizards
  6 sleepcaps
  2 spriggan simulacra (IceCv)
  3 wolf simulacra (IceCv)
  A crocodile zombie (Ossuary)
  2 mummies (Ossuary)
  22 gnolls
  2 naga simulacra (IceCv)
  5 adders
  7 white imps
  4 ufetubi
  2 adder zombies (Ossuary)
  3 dart slugs
  2 ribbon worms (D:2)
  34 orcs
  8 ball pythons
  7 bats
  4 endoplasms
  9 goblins
  6 hobgoblins
  4 jackals (D:5)
  3 kobolds
  3 quokkas
  A frilled lizard (D:2)
  9 gnoll zombies (Ossuary)
  A jackal zombie (Ossuary)
  2 orc zombies (Ossuary)
  7 rats
310 creatures vanquished.

Notes
Turn   | Place    | Note
-------+----------+-------------------------------------------
     0 | D:1      | PidgeyThePirate the Coglin Hunter began the quest for the
                  | Orb.
     0 | D:1      | Reached XP level 1. HP: 16/16 MP: 1/1
   204 | D:1      | Reached XP level 2. HP: 22/22 MP: 2/2
   217 | D:1      | Reached skill level 4 in Ranged Weapons
   769 | D:2      | Reached XP level 3. HP: 27/27 MP: 3/3
   918 | D:2      | Found a faded altar of an unknown god.
  1000 | D:2      | Noticed Sigmund
  1115 | D:2      | Killed Sigmund
  1116 | D:2      | Reached skill level 5 in Ranged Weapons
  1116 | D:2      | Reached XP level 4. HP: 24/34 MP: 4/4
  1116 | D:2      | Reached XP level 5. HP: 27/39 MP: 5/5
  1529 | D:3      | Reached XP level 6. HP: 46/46 MP: 6/6
  1533 | D:3      | Reached skill level 6 in Ranged Weapons
  1624 | D:3      | Paralysed by an orc priest for 4 turns
  1631 | D:3      | Paralysed by an orc priest for 3 turns
  1638 | D:3      | Noticed Jessica
  1644 | D:3      | Found a radiant altar of Vehumet.
  1646 | D:3      | Killed Jessica
  1974 | D:3      | Found a burning altar of Makhleb.
  2073 | D:4      | You fall into a shaft and drop 2 floors!
  2203 | D:6      | Reached skill level 1 in Armour
  2203 | D:6      | Reached skill level 1 in Stealth
  2203 | D:6      | Reached XP level 7. HP: 21/52 MP: 7/7
  2368 | D:5      | Entered Level 5 of the Dungeon
  2453 | D:5      | Found Qemunek's Distillery.
  2581 | D:5      | Reached skill level 7 in Ranged Weapons
  3401 | D:4      | Reached XP level 8. HP: 58/58 MP: 8/8
  3456 | D:4      | Found a stormy altar of Qazlal.
  3823 | D:5      | Found Dobluruo's Jewellery Boutique.
  3865 | D:5      | Reached skill level 8 in Ranged Weapons
  4414 | D:6      | Reached skill level 9 in Ranged Weapons
  4419 | D:6      | Identified the +0 sling "Dragonbane" {elec, *Corrode Will+
                  | Int+3}
  4880 | D:7      | Found Paumoj's Jewellery Boutique.
  4953 | D:7      | Reached XP level 9. HP: 53/66 MP: 9/9
  4956 | D:7      | Found a sand-covered staircase.
  4962 | Ossuary  | Entered an ossuary
  5080 | Ossuary  | Reached skill level 10 in Ranged Weapons
  5086 | Ossuary  | Reached skill level 5 in Fighting
  5298 | D:7      | Identified the ring "Agafuis" {Ice Fly rCorr Int+2 Slay+3}
  5552 | D:7      | Found a staircase to the Ecumenical Temple.
  5597 | Temple   | Entered the Ecumenical Temple
  5610 | Temple   | Became a worshipper of Warmaster Okawaru
  6223 | D:8      | Reached * piety under Okawaru
  6224 | D:8      | Reached skill level 11 in Ranged Weapons
  6510 | D:8      | Noticed Prince Ribbit
  6534 | D:7      | Killed Prince Ribbit
  6535 | D:7      | Reached XP level 10. HP: 53/76 MP: 10/10
  6839 | D:8      | Found Xaxkoq Gouj's Weapon Shop.
  7006 | D:9      | Identified the +10 short sword of Cyfatuil {spect, rC++
                  | Int-4 Dex+4 Stlth+}
  7082 | D:9      | Reached ** piety under Okawaru
  7267 | D:9      | Found a flagged portal.
  7278 | Bailey   | Entered a bailey
  7452 | Bailey   | Reached skill level 12 in Ranged Weapons
  7463 | Bailey   | Noticed Grum
  7477 | Bailey   | Killed Grum
  7678 | Bailey   | Reached *** piety under Okawaru
  8342 | D:9      | Found a staircase to the Orcish Mines.
  8361 | D:9      | Found a roughly hewn altar of Beogh.
  8378 | D:9      | Noticed Jeremiah
  8381 | D:9      | Killed Jeremiah
  8512 | D:9      | Identified a scroll of acquirement
  8513 | D:9      | Acquired 1027 gold pieces
  8669 | D:10     | Entered Level 10 of the Dungeon
  8732 | D:10     | Reached XP level 11. HP: 86/86 MP: 11/11
  8819 | D:10     | Reached **** piety under Okawaru
  8824 | D:10     | Reached skill level 13 in Ranged Weapons
  8895 | D:10     | Found a transporter.
  8901 | D:10     | Found a transporter.
  8902 | D:10     | Found a bloodstained altar of Trog.
  8907 | D:10     | Noticed a moth of wrath
  8922 | D:10     | Noticed a two-headed ogre
  8923 | D:10     | Noticed a tengu warrior
  8923 | D:10     | Noticed lykaon's ghost (novice DgIE)
  9046 | D:10     | Found a staircase to the Lair.
  9307 | D:10     | Noticed Erolcha
  9327 | D:10     | Killed Erolcha
  9569 | D:11     | Reached ***** piety under Okawaru
  9735 | D:11     | Noticed Harold
  9735 | D:11     | Noticed a two-headed ogre
  9781 | Lair:1   | Entered Level 1 of the Lair of Beasts
  9804 | Lair:1   | Noticed Urug
  9825 | Lair:1   | Killed Urug
  9831 | Lair:1   | Reached skill level 14 in Ranged Weapons
  9875 | Lair:1   | Paralysed by a hornet for 2 turns
  9889 | Lair:1   | Received a gift from Okawaru
 10090 | Lair:1   | Found a frozen archway.
 10103 | IceCv    | Entered an ice cave
 10308 | IceCv    | Reached XP level 12. HP: 69/97 MP: 12/12
 10365 | IceCv    | Reached skill level 10 in Fighting
 10951 | IceCv    | Gained mutation: You are partially covered in large bone
                  | plates. (SH +4) [potion of mutation]
 10951 | IceCv    | Gained mutation: You are weak. (Str -2) [potion of
                  | mutation]
 10951 | IceCv    | Gained mutation: A frigid envelope surrounds you and
                  | freezes all who hurt you. [potion of mutation]
 11554 | IceCv    | Reached skill level 1 in Invocations
 11971 | IceCv    | Noticed a reaper
 12003 | IceCv    | HP: 2/99 [reaper/-4 scythe of freezing (28)]
 12003 | IceCv    | Slain by a reaper

Illustrated notes

Levels and vault maps discovered:
D:1:      erik_arrival_triangle_large, layout_rooms
D:2:      layout_loops_ring, hellmonk_ecumenical_altar_prayer_group,
          uniq_sigmund
D:3:      layout_rooms, nicolae_vehumet_radiance,
          mainiacjoe_overflow_six_doors_small, uniq_jessica
D:4:      layout_gridville, grunt_qazlal_clouds
D:5:      layout_loops_ring, serial_shops, shop, nicolae_take_the_stairs,
          hellmonk_no_cap
D:6:      kennysheep_spiral_hall, layout_rooms
D:7:      layout_basic, minmay_temple_entry_enclosed_plants,
          nicolae_ossuary_entry_plus, serial_shops, nicolae_shop_gaudy_bauble
D:8:      layout_gridville, serial_shops, kennysheep_mini, uniq_prince_ribbit1
D:9:      layout_grid_maze, minmay_orc_entry_temple_small, enter_bailey_3,
          uniq_jeremiah
D:10:     layout_basic, lair_entry_dummy, gammafunk_ghost_wrathful_warriors,
          uniq_erolcha
D:11:     layout_gridville, hangedman_ru_absence, uniq_harold
Temple:   compressed_dpeg_triangle_lava_temple
Lair:1:   layout_chaotic_city, portal_ice_cave_entry_pillars_1,
          lemuel_fruit_tree, grunt_megastairs_3, uniq_sonja, uniq_urug
IceCv:    ice_cave_small_demon

Skill      XL: |  1  2  3  4  5  6  7  8  9 10 11 12 |
---------------+-------------------------------------+-----
Ranged Weapons | 4 5 6 7 9 11 12 14 | 14.6
Dodging        | 2 3 4 |  4.0
Fighting       | 3 4 6 8 9 10 | 10.8
Armour         | 1 2 |  2.8
Stealth        | 1 2 |  2.0
Invocations    | 1 |  1.1

Action                     |  1- 3 |  4- 6 |  7- 9 | 10-12 || total
---------------------------+-------+-------+-------+-------++-------
   Fire: Sling             |   104 |   144 |   772 |  1268 ||  2288
 Invoke: Heroism           |       |       |       |     4 ||     4
         Finesse           |       |       |       |     4 ||     4
    Use: Scroll            |     1 |       |    11 |     7 ||    19
         Potion            |       |     1 |       |    16 ||    17
 Armour: Leather armour    |     9 |    18 |   147 |     2 ||   176
         Steam dragon scal |       |       |       |   189 ||   189
  Dodge: Dodged            |     6 |     9 |    81 |   137 ||   233
  Block: Other             |       |       |       |     5 ||     5

Table legend: (Time is in decaauts)
 A = Elapsed time spent in this place.
 B = Non-inter-level travel time spent in this place.
 C = Inter-level travel time spent in this place.
 D = Time resting spent in this place.
 E = Time spent auto-exploring this place.
 F = Levels seen in this place.
 G = Mean time per level.
                   A        B        C        D        E       F      G
               +--------+--------+--------+--------+--------+-----+--------+
         Total |  11837 |  11340 |    497 |      0 |   8693 |  16 |  739.8 |
       Dungeon |   8713 |   8228 |    485 |      0 |   6578 |  11 |  792.1 |
        Temple |     29 |     17 |     12 |      0 |      0 |   1 |   29.0 |
          Lair |    288 |    288 |      0 |      0 |      2 |   1 |  288.0 |
       Ossuary |    256 |    256 |      0 |      0 |    169 |   1 |  256.0 |
        Bailey |    736 |    736 |      0 |      0 |    520 |   1 |  736.0 |
      Ice Cave |   1811 |   1811 |      0 |      0 |   1424 |   1 | 1811.0 |
               +--------+--------+--------+--------+--------+-----+--------+

Top non-repeatable levels by time:
   IceCv: 1811 daAuts
     D:5: 1231 daAuts
     D:7: 1186 daAuts
     D:9: 969 daAuts
     D:2: 898 daAuts
    D:10: 878 daAuts
     D:6: 813 daAuts
     D:4: 788 daAuts
  Bailey: 736 daAuts
     D:3: 689 daAuts
     D:8: 555 daAuts
     D:1: 494 daAuts
  Lair:1: 288 daAuts
 Ossuary: 256 daAuts
    D:11: 207 daAuts
